 Dungeon Crawl Stone Soup version 0.30-a0-782-ge64f9170bb (webtiles) character file.

Game seed: 4160972762168140075

2 Jane the Stinger (level 1, 0/7 HPs)
             Began as a Felid Venom Mage on Feb 22, 2023.
             Slain by a hobgoblin (5 damage)
             ... on level 1 of the Dungeon.
             The game lasted 00:01:15 (42 turns).

Jane the Stinger (Felid Venom Mage)                   Turns: 42, Time: 00:01:15

Health: 0/7        AC:  1    Str:  4    XL:     1   Next: 25%
Magic:  3/4        EV: 17    Int: 16    God:
Gold:   2          SH:  0    Dex: 16    Spells: 3/4 levels left
                                        Lives:  0   Deaths: 0

rFire   . . .      SeeInvis +    (weapon unavailable)
rCold   . . .      Faith    .    (shield unavailable)
rNeg    . . .      Spirit   .    (body armour unavailable)
rPois   .          Reflect  .    (helmet unavailable)
rElec   .          Harm     .    (cloak unavailable)
rCorr   .          Rampage  .    (gloves unavailable)
Will    .....                    (boots unavailable)
Stlth   ++                       (no amulet)
HPRegen 0.21/turn                (no ring)
MPRegen 0.09/turn                (no ring)

@: very slightly contaminated, quick
A: very small, claws 1, fangs 3, see invisible, speed 1, shaggy fur 1, stealthy
paws, no weapons or thrown items, no armour, multi-lived
a: no special abilities


You were on level 1 of the Dungeon.
You visited 1 branch of the dungeon, and saw 1 of its levels.

You collected 2 gold pieces.

Inventory:

Potions
 a - a potion of magic


   Skills:
 + Level 0.2 Fighting
 + Level 2.6 Dodging
 - Level 2.6 Stealth
 - Level 2.0 Spellcasting
 - Level 1.1 Transmutations
 + Level 2.8 Poison Magic


You had 3 spell levels left.
You knew the following spells:

 Your Spells              Type           Power      Damage    Failure   Level
a - Sting                 Tmut/Pois      28%        1d4       10%         1

Your spell library contained the following spells:

 Spells                   Type           Power      Damage    Failure   Level
 Poisonous Vapours        Pois/Air       12%        N/A       19%         2
 Mephitic Cloud           Conj/Pois/Air  4%         N/A       38%         3
 Olgreb's Toxic Radiance  Pois           10%        N/A       54%         4


Dungeon Overview and Level Annotations

Branches:
Dungeon (1/15)

Altars:


Innate Abilities, Weirdness & Mutations

You have sharp claws.
You have razor-sharp teeth.
You have supernaturally acute eyesight. (SInv)
You cover ground quickly. (Speed+)
You are covered in fur. (AC +1)
Your paws help you pounce on unaware monsters.
You are incapable of wielding weapons or throwing items.
You cannot wear armour.
You gain extra lives every three experience levels.


Message History

Found a scroll labelled WEUMETH OTHA.
You now have 2 gold pieces.
Found a gold piece.
A goblin comes into view. It is wielding a +0 club.
A bat comes into view.
You see here a scroll labelled WEUMETH OTHA.
The bat barely misses you.
You see here a gold piece.
The goblin shouts!
You see here a scroll labelled WEUMETH OTHA.
The bat hits you.
You scratch the bat.
You kill the bat!
You see here a scroll labelled WEUMETH OTHA.
You see here a gold piece.
You see here a scroll labelled WEUMETH OTHA.
The goblin barely misses you.
You closely miss the goblin. The goblin hits you with a +0 club.
A hobgoblin comes into view.
You closely miss the goblin. The goblin closely misses you.
You scratch the goblin but do no damage.
Your bite misses the goblin. The goblin hits you with a +0 club.
You scratch the goblin. Your bite misses the goblin.
The goblin is heavily wounded.
The goblin completely misses you.
You completely miss the goblin. You bite the goblin.
You kill the goblin!
The hobgoblin closely misses you.
Things that are here:
a +0 club; a goblin corpse
Casting: Sting (safe; 10% risk of failure)
Confirm with . or Enter, or press ? or * to list all spells.
Aiming: Sting (safe; 10% risk of failure)
Press: ? - help, Shift-Dir - straight line, f - hobgoblin
Aim: a hobgoblin (68% to hit)
You miscast Sting.
You are very lightly contaminated with residual magic.
Nothing appears to happen.
The hobgoblin hits you.
Ouch! That really hurt!
You die...

...# . .. .....# ..
###.###....# .. ###..
..#....#### #.
...###.#.......#
#.##.##......# #.#
#......@g..#####.#
####$?...).......######
##.#................
...##.#.........#
###.+..#.........#
..##.#.........#
#....#...###...#
#.####..##.##..# #.#
#..#...#..#


You could see a hobgoblin.

Vanquished Creatures
  A goblin (D:1)
  A bat (D:1)
2 creatures vanquished.

Notes
Turn   | Place    | Note
-------+----------+-------------------------------------------
     0 | D:1      | Jane the Felid Venom Mage began the quest for the Orb.
     0 | D:1      | Reached XP level 1. HP: 7/7 MP: 4/4
    42 | D:1      | Slain by a hobgoblin

Illustrated notes

Levels and vault maps discovered:
D:1:      dpeg_arrival_shelter, layout_basic, patterned_corridor

Action                     || total
---------------------------++-------
  Melee: Unarmed           ||     6
         Bite              ||     1
  Dodge: Dodged            ||     5

Table legend: (Time is in decaauts)
 A = Elapsed time spent in this place.
 B = Non-inter-level travel time spent in this place.
 C = Inter-level travel time spent in this place.
 D = Time resting spent in this place.
 E = Time spent auto-exploring this place.
 F = Levels seen in this place.
 G = Mean time per level.
                   A        B        C        D        E       F      G
               +--------+--------+--------+--------+--------+-----+--------+
         Total |     35 |     35 |      0 |      0 |      2 |   1 |   35.0 |
       Dungeon |     35 |     35 |      0 |      0 |      2 |   1 |   35.0 |
               +--------+--------+--------+--------+--------+-----+--------+

Top non-repeatable levels by time:
     D:1: 35 daAuts
